 Dungeon Crawl Stone Soup version bcrawl-1.14 (webtiles) character file.

Game seed: 5677390572084299262

184 Revguard the Ducker (level 5, -4/38 HPs)
             Began as a Demonspawn Archaeologist on Sept 6, 2019.
             Was a Follower of Cheibriados.
             Killed from afar by an orc wizard (8 damage)
             ... with a puff of flame
             ... on level 3 of the Dungeon.
             The game lasted 00:07:27 (2777 turns).

Revguard the Ducker (Demonspawn Archaeologist)      Turns: 2777, Time: 00:07:27

Health: -4/38      AC:  9    Str: 13    XL:     5   Next: 36%
Magic:  4/6        EV:  7    Int: 23    God:    Cheibriados [*.....]
Gold:   201        SH: 11    Dex: 14    Spells: 4/4 levels left

rFire    . . .     SeeInvis .   o - +0 flail
rCold    . . .     Gourm    .   k - +0 large shield
rNeg     . . .     Faith    .   i - +0 ring mail
rPois    +         Spirit   .   j - +2 hat
rElec    .         Reflect  .   (no cloak)
rCorr    .         Harm     .   (no gloves)
MR       .....                  d - +1 pair of boots
Stlth    ++........             (no amulet)
HPRegen  0.12/turn              (no ring)
MPRegen  0.10/turn              (no ring)

@: brilliant, studying Stealth, very slow
A: hooves 2, mutation resistance 1, poison resistance
a: Bend Time, Renounce Religion


You were on level 3 of the Dungeon.
You worshipped Cheibriados.
Cheibriados was aware of your devotion.
You were hungry.

You visited 1 branch of the dungeon, and saw 3 of its levels.

You collected 201 gold pieces.

Inventory:

Hand Weapons
 a - a +0 whip
 l - a +0 mace
 o - a +0 flail (weapon)
Armour
 d - a +1 pair of boots (worn)
 i - a +0 ring mail (worn)
 j - a +2 hat (worn)
 k - a +0 large shield (worn)
Scrolls
 b - 4 scrolls of remove curse {unknown}
 h - 6 scrolls of identify {unknown}
 m - a scroll of magic mapping {unknown}
Books
 e - a manual of Stealth
Miscellaneous
 f - an ancient crate
Comestibles
 g - 2 rations {!d}


   Skills:
 * Level 2.1 Fighting
 + Level 1.8 Maces & Flails
 * Level 1.4 Armour
 + Level 3.4 Dodging
 - Level 3.1 Stealth
 * Level 1.8 Shields
 * Level 0.4 Invocations
 + Level 1.7 Evocations


You had 4 spell levels left.
You didn't know any spells.
Your spell library was empty.

Dungeon Overview and Level Annotations

Branches:
Dungeon (3/12)

Altars:
Cheibriados


Innate Abilities, Weirdness & Mutations

You have hoof-like feet.
You are somewhat resistant to further mutation.
Your system is resistant to poisons. (rPois)


Message History

The orc completely misses you.
You closely miss the orc.
The orc is almost dead.
You block the orc's attack. The orc hits you but does no damage.
You completely miss the orc.
The orc is almost dead.
The orc drinks a potion.
The orc seems to speed up.
You sock the orc!
You kill the orc!
Cheibriados thoroughly appreciates the change of pace.
A hobgoblin comes into view. It is wielding a +0 club.
The hobgoblin shouts!
You hear some strange, mumbled words.
A magic dart appears from out of thin air!
The magic dart hits you!
* * * LOW HITPOINT WARNING * * *
You hear some strange, mumbled words.
A puff of flame appears from out of thin air!
The puff of flame hits you!
You die...

#. #. #. #.
#################.
#.................
#.################
#.# #@# #.# #.#
#.# #g# #.# #.#
#)# #.#


You could see a hobgoblin.

Vanquished Creatures
  An orc priest (D:3)
  A hound (D:3)
  An orc wizard (D:3)
  An adder (D:3)
  2 dart slugs
  2 worms
  5 leopard geckos
  7 orcs
  A giant cockroach (D:1)
  7 goblins
  6 hobgoblins
  4 jackals (D:2)
  11 kobolds
  4 bats
  2 frilled lizards
  13 rats
68 creatures vanquished.

Notes
Turn   | Place    | Note
-------+----------+-------------------------------------------
     0 | D:1      | Revguard the Demonspawn Archaeologist began the quest for
                  | the Orb.
     0 | D:1      | Reached XP level 1. HP: 15/15 MP: 1/1
     4 | D:1      | Noticed a death yak
    91 | D:1      | Gained mutation: You have large cloven feet. [demonic
                  | ancestry]
    91 | D:1      | Reached XP level 2. HP: 12/21 MP: 2/2
    97 | D:1      | Reached skill level 1 in Maces & Flails
   429 | D:1      | HP: 1/21 [worm (9)]
   455 | D:1      | HP: 1/21 [rat (1)]
   982 | D:1      | Reached skill level 1 in Evocations
  1023 | D:1      | Gained mutation: You have hoof-like feet. [demonic
                  | ancestry]
  1023 | D:1      | Reached XP level 3. HP: 26/26 MP: 3/3
  1077 | D:1      | Noticed an elephant
  1575 | D:2      | Gained mutation: You are somewhat resistant to further
                  | mutation. [potion of mutation]
  1575 | D:2      | Gained mutation: Your system is resistant to poisons.
                  | (rPois) [potion of mutation]
  1601 | D:2      | Found a snail-covered altar of Cheibriados.
  1641 | D:2      | Became a worshipper of Cheibriados the Contemplative
  2105 | D:3      | Reached skill level 1 in Shields
  2105 | D:3      | Reached XP level 4. HP: 30/33 MP: 5/5
  2170 | D:3      | Reached skill level 1 in Armour
  2481 | D:3      | Reached XP level 5. HP: 30/38 MP: 6/6
  2491 | D:3      | Reached * piety under Cheibriados
  2777 | D:3      | Killed from afar by an orc wizard

Skill      XL: |  1  2  3  4 |
---------------+-------------+-----
Dodging        | 3 |  3.4
Maces & Flails | 1 |  1.8
Evocations     | 1 |  1.7
Shields        | 1 |  1.8
Fighting       | 2 |  2.1
Armour         | 1 |  1.4
Stealth        | |  3.1
Invocations    | |  0.4

Action                   |  1- 3 |  4- 6 || total
-------------------------+-------+-------++-------
Melee: Whip              |   110 |       ||   110
       Mace              |   106 |    36 ||   142
       Flail             |       |    66 ||    66
Throw: Throwing net      |     1 |       ||     1
Invok: Bend Time         |       |     1 ||     1
  Use: Potion            |     3 |     1 ||     4
 Stab: Sleeping          |     2 |       ||     2
       Distracted        |       |     1 ||     1
  Eat: Chunk             |     4 |     2 ||     6
Armor: Robe              |    20 |       ||    20
       Ring mail         |    93 |    37 ||   130
Dodge: Dodged            |   116 |    26 ||   142
Block: Large shield      |    76 |    56 ||   132
